Map: [ESL] Inside and Out

Players

iGCoffeeMs (Coffee) - Winner!

  • Race: Terran Terran
  • League: Master

DPGJieShi (Jieshi)

  • Race: Protoss Protoss

Event: DreamHack SC2 Masters 2022 Atlanta (Online)

VOD

Have the link to the VOD?

Description

Time

  • Played on: Oct. 9, 2022, 7:07 a.m.
  • Length: 6:40

All games in this series

Show
View Real Time Build Order
Export as new Build Order

iGCoffeeMs Terran - Winner!

Build Orders: Reaper Expand 

Get SALT Encoding   

  12  0:00  SCV  
  13  0:12  SCV  
  14  0:16  Supply Depot  
  14  0:24  SCV  
  15  0:38  SCV  
  15  0:40  Barracks  
  16  0:42  Refinery  
  16  0:50  SCV  
  17  1:02  SCV  
  18  1:14  SCV  
  19  1:27  Reaper, Orbital Command  
  20  1:39  Command Center  
  20  1:49  Supply Depot  
  20  1:54  SCV  
  21  1:59  Marine  
  22  2:06  SCV  
  22  2:07  Factory  
  23  2:14  Refinery  
  23  2:18  SCV  
  23  2:19  Barracks Reactor  
  24  2:25  Barracks  
  24  2:30  SCV  
  25  2:37  Barracks  
  25  2:42  SCV  
  26  2:52  Hellion  
  26  2:53  Orbital Command  
  26  2:56  SCV  
  29  3:02  Marine x2  
  31  3:08  SCV  
  32  3:13  Barracks Tech Lab  
  32  3:14  Factory Tech Lab  
  32  3:19  SCV  
  33  3:20  SCV  
  33  3:21  Marine x2  
  33  3:26  Supply Depot  
  36  3:27  Barracks Tech Lab  
  36  3:31  Stimpack  
  36  3:35  SCV  
  36  3:37  Marine  
  36  3:40  Siege Tank  
  41  3:43  SCV  
  41  3:47  Marine x2  
  44  3:51  Marine  
  44  3:53  Combat Shield  
  44  3:55  Marine  
  46  4:02  Supply Depot  
  46  4:03  SCV x2  
  46  4:04  Marine  
  46  4:05  Marine  
  50  4:12  Siege Tank, Marine  
  50  4:15  Supply Depot  
  54  4:24  SCV x2, Marine  
  57  4:27  Engineering Bay, Marine x2  
  59  4:31  Marine  
  59  4:36  Supply Depot  
  60  4:39  SCV x2  
  60  4:41  Marine  
  63  4:45  Siege Tank  
  63  4:49  Starport  
  63  4:52  Marine x3  
  67  4:56  SCV  
  70  5:02  Marine  
  70  5:05  SCV  
  72  5:08  SCV  
  72  5:10  Marine x2  
  72  5:12  Marine  
  76  5:19  Marine  
  74  5:28  Starport Reactor, Marine x2  
  73  5:29  Siege Tank, Marine  
  73  5:32  SCV  
  78  5:36  SCV  
  78  5:38  Marine  
  70  5:46  Marine x2  
  70  5:47  Marine  
  64  5:52  SCV  
  64  5:56  Marine  
  64  6:00  SCV  
  64  6:02  Siege Tank  
  64  6:03  Marine x2  
  64  6:04  SCV  
  71  6:05  Marine  
  72  6:12  SCV  
  72  6:14  Marine  
  69  6:21  Marine x2  
Show
View Real Time Build Order
Export as new Build Order

DPGJieShi Protoss 

Build Orders: 1 Gate Expand, Blink Stalkers 

Get SALT Encoding   

  12  0:00  Probe  
  13  0:12  Probe  
  14  0:18  Pylon  
  14  0:25  Probe (Chrono Boost)  
  15  0:37  Gateway  
  15  0:38  Probe (Chrono Boost)  
  16  0:44  Probe (Chrono Boost)  
  16  0:46  Assimilator  
  17  0:52  Probe  
  18  1:04  Probe  
  19  1:16  Probe  
  20  1:24  Cybernetics Core  
  20  1:31  Nexus  
  20  1:37  Pylon  
  20  1:40  Probe  
  20  1:46  Assimilator  
  21  1:52  Probe  
  22  1:57  Stalker (Chrono Boost)  
  22  2:00  Warp Gate  
  24  2:04  Probe  
  25  2:16  Probe  
  25  2:22  Twilight Council  
  26  2:27  Stalker (Chrono Boost)  
  26  2:28  Probe  
  29  2:43  Probe (Chrono Boost)  
  31  2:45  Probe (Chrono Boost), Gateway  
  32  2:52  Probe (Chrono Boost)  
  32  2:54  Blink (Chrono Boost)  
  32  2:55  Probe (Chrono Boost)  
  32  2:57  Probe (Chrono Boost)  
  33  3:04  Probe  
  35  3:09  Probe  
  36  3:16  Robotics Facility  
  36  3:20  Probe  
  36  3:21  Probe  
  38  3:32  Probe  
  38  3:33  Probe  
  40  3:42  Nexus  
  40  3:44  Probe, Pylon  
  40  3:45  Probe  
  42  3:49  Stalker  
  42  3:53  Stalker  
  46  4:01  Pylon  
  48  4:02  Probe x2  
  48  4:03  Observer  
  48  4:09  Assimilator  
  49  4:12  Forge  
  49  4:13  Stalker  
  49  4:15  Probe  
  52  4:17  Probe  
  52  4:23  Stalker  
  55  4:28  Observer, Probe  
  55  4:29  Probe  
  58  4:39  Charge (Chrono Boost)  
  58  4:40  Probe, Gateway  
  58  4:42  Gateway, Probe  
  60  4:52  Probe  
  61  4:54  Probe  
  63  5:00  Gateway  
  63  5:04  Shield Battery  
  66  5:11  Shield Battery, Stalker  
  67  5:15  Immortal (Chrono Boost)  
  66  5:23  Stalker  
  66  5:26  Pylon  
  66  5:37  Stalker x2  
  66  5:39  Probe x2  
  50  5:43  Pylon  
  34  5:51  Probe x2  
  34  5:54  Zealot  
  34  5:56  Zealot  
  34  6:03  Probe x2, Stalker  
  35  6:11  Zealot  
  35  6:17  Zealot  
  33  6:23  Zealot  
Tags
 
Add a new tag
Caveats
  • Supply blocks, unpowered buildings, or Contaminate may cause inaccurate times.
  • Supply counts are checked every 10 seconds.